 Dungeon Crawl Stone Soup version 0.28-a0-595-g9f6c0e134a (webtiles) character file.

Game seed: 2922917790546400861

4 lawman0 the Sneak (level 1, 0/18 HPs)
             Began as a Merfolk Delver on Oct 4, 2021.
             Slain by a mummy (14 damage)
             ... in an ossuary.
             The game lasted 00:00:44 (105 turns).

lawman0 the Sneak (Merfolk Delver)                   Turns: 105, Time: 00:00:44

Health: 0/18       AC:  3    Str: 12    XL:     1   Next: 60%
Magic:  1/1        EV: 12    Int:  9    God:
Gold:   0          SH:  0    Dex: 15    Spells: 0/0 levels left

rFire   . . .      SeeInvis .   a - +0 spear
rCold   . . .      Faith    .   (no shield)
rNeg    . . .      Spirit   .   b - +0 leather armour
rPois   .          Reflect  .   (no helmet)
rElec   .          Harm     .   (no cloak)
rCorr   .          Rampage  .   (no gloves)
Will    .....                   (no boots)
Stlth   +++.......              (no amulet)
HPRegen 0.06/turn               (no ring)
MPRegen 0.07/turn               (no ring)

@: no status effects
A: (nimble swimmer 2), mertail
a: no special abilities


You were in an ossuary.
You visited 1 branch of the dungeon, and saw 1 of its levels.
You also visited: Ossuary.

Inventory:

Hand Weapons
 a - a +0 spear (weapon)
Armour
 b - a +0 leather armour (worn)
Wands
 g - a wand of digging (2)
Scrolls
 c - a scroll of fog
 e - a scroll of fear
Potions
 f - a potion of haste


   Skills:
 + Level 3.3 Fighting
 + Level 3.0 Polearms
 + Level 2.9 Dodging
 + Level 5.6 Stealth


You couldn't memorise any spells.
You didn't know any spells.
Your spell library was empty.

Dungeon Overview and Level Annotations

Branches:
Dungeon (5/15)            Ossuary (1/1)
 Temple: D:4-7

Altars:


Innate Abilities, Weirdness & Mutations

((You are quick and stealthy near water. (Stealth+, EV+, Speed+++)))
Your lower body shifts to a powerful aquatic tail in water.


Message History

The hobgoblin zombie is lightly damaged.
Reach: a) +0 spear
Press: ? - help, Dir - move target, f/p - hobgoblin zombie
Aim: a hobgoblin zombie (lightly damaged, about 20% to evade your +0 spear)
You hit the hobgoblin zombie.
The hobgoblin zombie is severely damaged.
The orc zombie hits you but does no damage.
The hobgoblin zombie hits you.
Reach: a) +0 spear
Press: ? - help, Dir - move target, f/p - hobgoblin zombie
Aim: a hobgoblin zombie (severely damaged, about 20% to evade your +0 spear)
You hit the hobgoblin zombie.
You destroy the hobgoblin zombie!
The orc zombie barely misses you.
Reach: a) +0 spear
Press: ? - help, Dir - move target, f - goblin zombie
Aim: a goblin zombie (about 27% to evade your +0 spear)
You hit the goblin zombie.
The goblin zombie is severely damaged.
The orc zombie barely misses you.
Reach: a) +0 spear
Press: ? - help, Dir - move target, f/p - goblin zombie
Aim: a goblin zombie (severely damaged, about 27% to evade your +0 spear)
You hit the goblin zombie but do no damage.
The goblin zombie is severely damaged.
The goblin zombie hits you but does no damage.
The mummy hits you.
Reach: a) +0 spear
Press: ? - help, Dir - move target, p - goblin zombie Your weapon can't reach that far!
Okay, then.
You closely miss the goblin zombie.
The goblin zombie is severely damaged.
The orc zombie hits you but does no damage.
The goblin zombie hits you but does no damage.
You hit the goblin zombie.
You destroy the goblin zombie!
The orc zombie barely misses you. The mummy hits you!
Ouch! That really hurt!
You die...

##### ##...##
##.....##
#...∩...#
#.......#
#...∩...#
##@Z...##
##M..## #...#
#####...####
#...........#
##.........##
#...........#
##.........##
#...........#


You could see a mummy and an orc zombie.

Vanquished Creatures
  A gnoll zombie (Ossuary)
  2 goblin zombies (Ossuary)
  A hobgoblin zombie (Ossuary)
  2 orc zombies (Ossuary)
6 creatures vanquished.

Notes
Turn   | Place    | Note
-------+----------+-------------------------------------------
     0 | D:5      | lawman0 the Merfolk Delver began the quest for the Orb.
     0 | D:5      | Reached XP level 1. HP: 18/18 MP: 1/1
     9 | D:5      | Noticed a phantom
    27 | D:5      | Found a sand-covered staircase.
    32 | Ossuary  | Entered an ossuary
   105 | Ossuary  | Slain by a mummy

Illustrated notes

Levels and vault maps discovered:
D:5:      layout_basic, enter_ossuary_3
Ossuary:  minmay_ossuary_gauntlet

Action                   || total
-------------------------++-------
Melee: Spear             ||    30
Evoke: Wand              ||     1
  Use: Scroll            ||     1
Armor: Leather armour    ||     9
Dodge: Dodged            ||    14

Table legend: (Time is in decaauts)
 A = Elapsed time spent in this place.
 B = Non-inter-level travel time spent in this place.
 C = Inter-level travel time spent in this place.
 D = Time resting spent in this place.
 E = Time spent auto-exploring this place.
 F = Levels seen in this place.
 G = Mean time per level.
                   A        B        C        D        E       F      G
               +--------+--------+--------+--------+--------+-----+--------+
         Total |    103 |    103 |      0 |     25 |      0 |   2 |   51.5 |
       Dungeon |     32 |     32 |      0 |      0 |      0 |   1 |   32.0 |
       Ossuary |     71 |     71 |      0 |     25 |      0 |   1 |   71.0 |
               +--------+--------+--------+--------+--------+-----+--------+

Top non-repeatable levels by time:
 Ossuary: 71 daAuts
     D:5: 32 daAuts
